 Dungeon Crawl Stone Soup version 0.22-a0-283-g1871b15 (webtiles) character file.

3831 nikopol the Thaumaturge (level 9, -6/47 HPs)
             Began as a Deep Elf Fire Elementalist on Mar 19, 2018.
             Was a Priest of Vehumet.
             Killed from afar by a manticore (15 damage)
             ... with a volley of spikes
             ... on level 8 of the Dungeon.
             The game lasted 00:37:30 (8614 turns).

nikopol the Thaumaturge (DEFE)                      Turns: 8614, Time: 00:37:30

Health: -6/47      AC:  2    Str:  5    XL:     9   Next: 98%
Magic:  9/26       EV: 14    Int: 24    God:    Vehumet [***...]
Gold:   633        SH:  0    Dex: 15    Spells: 12/30 levels left

rFire    + . .     SeeInvis .   I - staff of conjuration
rCold    . . .     Gourm    .   (no shield)
rNeg     . . .     Faith    +   a - +0 robe
rPois    .         Spirit   .   (no helmet)
rElec    .         Reflect  .   (no cloak)
rCorr    +         Harm     .   (no gloves)
MR       .....                  (no boots)
Stlth    +++.......             i - amulet of faith
HPRegen  0.15/turn              y - ring of resist corrosion
MPRegen  0.20/turn              s - ring of protection from fire

@: barbed spikes, very slightly contaminated
A: no striking features
a: Renounce Religion


You were on level 8 of the Dungeon.
You worshipped Vehumet.
Vehumet was most pleased with you.
You were not hungry.

You visited 1 branch of the dungeon, and saw 8 of its levels.
You also visited: Sewer.

You collected 633 gold pieces.

Inventory:

Hand Weapons
 e - a +0 dagger
 l - a +1 dagger of draining
 u - a +1 dagger of speed
Armour
 a - a +0 robe (worn)
Magical Staves
 I - an uncursed staff of conjuration (weapon)
Jewellery
 f - an uncursed ring of protection from cold
 i - an amulet of faith (around neck)
 s - a ring of protection from fire (right hand)
 y - a ring of resist corrosion (left hand)
 E - an uncursed amulet of regeneration {unknown}
Wands
 w - a wand of digging (11)
 A - a wand of random effects (24)
 G - a wand of acid (7)
Scrolls
 d - 8 scrolls of identify
 j - a scroll of fear {unknown}
 m - 2 scrolls of fog
 p - 2 scrolls of teleportation {unknown}
 q - 3 scrolls of magic mapping
 t - 3 scrolls of enchant armour {unknown}
 x - 2 scrolls of remove curse
 C - a scroll of summoning {unknown}
Potions
 b - 3 potions of agility
 h - a potion of lignification {unknown}
 k - a potion of ambrosia {unknown}
 n - a potion of brilliance {unknown}
 o - 3 potions of curing
 v - a potion of haste {unknown}
 z - 4 potions of degeneration
 B - a potion of cancellation {unknown}
 D - 2 potions of might {unknown}
 F - 2 potions of mutation {unknown}
Comestibles
 c - 10 rations
 H - 3 chunks of flesh


   Skills:
 + Level 1.3 Fighting
 + Level 0.6 Short Blades
 + Level 3.8 Dodging
 + Level 6.0 Stealth
 + Level 11.2 Spellcasting
 + Level 8.1 Conjurations
 + Level 2.0 Hexes
 + Level 8.2 Fire Magic


You had 12 spell levels left.
You knew the following spells:

 Your Spells              Type           Power        Failure   Level  Hunger
a - Flame Tongue          Conj/Fire      #####        1%          1    None
b - Throw Flame           Conj/Fire      ######       1%          2    None
c - Conjure Flame         Conj/Fire      ######..     1%          3    None
d - Sticky Flame          Conj/Fire      ######..     1%          4    None
e - Fireball              Conj/Fire      ######....   1%          5    ####...
f - Dazzling Spray        Conj/Hex       ######       1%          3    None


Dungeon Overview and Level Annotations

Branches:
Dungeon (8/15)             Temple (0/1) D:7
   Lair: D:8-11

Altars:
Ashenzari
Cheibriados
Hepliaklqana
Kikubaaqudgha
Okawaru
Vehumet
Zin
The Shining One

Annotations:
D:8 Joseph


Message History

The manticore is engulfed in blazing flames.
Casting: Conjure Flame (safe; 1% risk of failure)
Confirm with . or Enter, or press ? or * to list all spells.
Aiming: Sticky Flame (safe; 1% risk of failure)
Press: ? - help, Shift-Dir - straight line, f - manticore
Aim: a manticore (moderately wounded)
You feel a surge of power!
The sticky flame hits the manticore.
The manticore is heavily wounded.
The manticore is covered in liquid flames!
The manticore burns!
Joseph says, "I've waited for this moment for such a long time."
The manticore barely misses you. The manticore claws you!
* * * LOW HITPOINT WARNING * * *
The manticore closely misses you.
The manticore burns!
The manticore burns!
The manticore flicks its tail.
The volley of spikes hits you!
The barbed spikes become lodged in your body.
You die...

.# .# #.### #+# ####...#
#.# #......' #.# #.#....#
#.######.#@...#
#...@.H.§§....+ #
#.########....# #.##'##
#....# ###.....#
#...§#######
#.......#######.#.........
#...............#.#....###
#...#......######...(.....
###.#..........##...##....
# #........#.##...##....


You could see Joseph and a manticore (burning).

Vanquished Creatures
  A two-headed ogre (D:6)
  2 hippogriffs (D:7)
  Eustachio (D:4)
  Menkaure (D:7)
  Duvessa (D:7)
  An ice beast (D:7)
  2 phantoms
  4 centaurs
  2 ogres
  2 bullfrogs (Sewer)
  2 big kobolds (D:5)
  2 scorpions
  Dowan (D:7)
  4 killer bees (D:8)
  3 crimson imps
  A bullfrog zombie (D:5)
  2 howler monkeys
  3 hounds
  7 orc wizards
  A centaur skeleton (D:7)
  Jessica (D:3)
  Natasha (thrice) (D:3)
  An iguana (D:4)
  Ijyb (D:4)
  2 worker ants (D:6)
  A killer bee zombie (D:5)
  2 worker ant zombies (D:5)
  3 gnolls (D:5)
  A howler monkey skeleton (D:5)
  13 adders
  A river rat (D:3)
  A shadow imp (D:7)
  2 adder zombies
  3 worms
  2 adder skeletons
  3 dart slugs
  7 leopard geckos
  33 orcs
  A ball python (Sewer)
  11 giant cockroaches
  9 hobgoblins
  7 jackals (D:1)
  39 kobolds
  4 quokkas
  5 bats
  18 frilled lizards
  7 goblins
  A quokka skeleton (D:8)
  A quokka zombie (D:5)
  7 rats
233 creatures vanquished.

Notes
Turn   | Place    | Note
-------+----------+-------------------------------------------
     0 | D:1      | nikopol the Deep Elf Fire Elementalist began the quest for the Orb.
     0 | D:1      | Reached XP level 1. HP: 10/10 MP: 6/6
   215 | D:1      | Reached XP level 2. HP: 15/15 MP: 6/8
   646 | D:1      | Reached XP level 3. HP: 14/19 MP: 0/9
  1489 | D:2      | Reached XP level 4. HP: 23/24 MP: 9/11
  1498 | D:2      | Learned a level 2 spell: Throw Flame
  1502 | D:2      | Learned a level 3 spell: Conjure Flame
  1507 | D:2      | Learned a level 4 spell: Sticky Flame
  1566 | D:2      | Reached skill level 4 in Spellcasting
  1761 | D:3      | Found a glowing golden altar of the Shining One.
  1785 | D:3      | Noticed an ogre
  1792 | D:3      | Killed an ogre
  1792 | D:3      | Reached XP level 5. HP: 28/28 MP: 5/14
  1934 | D:3      | Found a glowing drain.
  1946 | Sewer    | Entered a sewer
  2067 | Sewer    | Reached skill level 5 in Spellcasting
  2355 | Sewer    | Reached skill level 5 in Fire Magic
  2355 | Sewer    | Reached XP level 6. HP: 32/32 MP: 8/16
  2712 | D:3      | Learned a level 5 spell: Fireball
  2755 | D:3      | Found an iron altar of Okawaru.
  2756 | D:3      | Found an ancient bone altar of Kikubaaqudgha.
  2756 | D:3      | Found a hazy altar of Hepliaklqana.
  2758 | D:3      | Found a shattered altar of Ashenzari.
  2758 | D:3      | Found a glowing silver altar of Zin.
  2758 | D:3      | Noticed Natasha
  2760 | D:3      | Found a radiant altar of Vehumet.
  2762 | D:3      | Killed Natasha
  2856 | D:3      | Noticed Jessica
  2860 | D:3      | Became a worshipper of Vehumet
  2866 | D:3      | Killed Jessica
  2866 | D:3      | Reached skill level 6 in Spellcasting
  2940 | D:3      | Noticed Natasha
  2944 | D:3      | Killed Natasha
  2951 | D:3      | Found a glowing golden altar of the Shining One.
  3218 | D:3      | Noticed Natasha
  3220 | D:3      | Killed Natasha
  3506 | D:4      | Reached XP level 7. HP: 21/36 MP: 9/18
  3688 | D:4      | Noticed Ijyb
  3707 | D:4      | Killed Ijyb
  3874 | D:4      | Reached skill level 7 in Spellcasting
  4199 | D:4      | Noticed Eustachio
  4250 | D:4      | Killed Eustachio
  4632 | D:5      | Entered Level 5 of the Dungeon
  4771 | D:5      | Reached skill level 1 in Fighting
  4793 | D:5      | Reached skill level 5 in Conjurations
  4793 | D:5      | Reached XP level 8. HP: 26/43 MP: 15/21
  4929 | D:5      | Reached * piety under Vehumet
  4929 | D:5      | Offered knowledge of Freeze by Vehumet.
  5442 | D:5      | Reached skill level 8 in Spellcasting
  5892 | D:5      | Reached ** piety under Vehumet
  5893 | D:5      | Offered knowledge of Sting by Vehumet.
  6105 | D:5      | Reached skill level 9 in Spellcasting
  6515 | D:6      | Offered knowledge of Dazzling Spray by Vehumet.
  6520 | D:6      | Learned a level 3 spell: Dazzling Spray
  6944 | D:6      | Noticed a two-headed ogre
  6948 | D:6      | Killed a two-headed ogre
  6948 | D:6      | Reached *** piety under Vehumet
  6948 | D:6      | Reached skill level 10 in Spellcasting
  6948 | D:6      | Reached skill level 1 in Hexes
  6948 | D:6      | Reached XP level 9. HP: 24/47 MP: 11/25
  7117 | D:6      | Found a snail-covered altar of Cheibriados.
  7433 | D:7      | Reached skill level 5 in Stealth
  7714 | D:7      | Noticed Menkaure
  7716 | D:7      | Killed Menkaure
  7868 | D:7      | Noticed Dowan
  7871 | D:7      | Noticed Duvessa
  7873 | D:7      | Killed Dowan
  7878 | D:7      | Killed Duvessa
  8061 | D:7      | Reached skill level 11 in Spellcasting
  8400 | D:7      | Offered knowledge of Static Discharge by Vehumet.
  8463 | D:7      | Found a staircase to the Ecumenical Temple.
  8578 | D:8      | Noticed a manticore
  8611 | D:8      | Noticed Joseph
  8614 | D:8      | Killed from afar by a manticore

Vault maps used:
D:1:      scummos_arrival_gate
D:2:      minmay_cut_off
D:3:      lemuel_round_altar, grunt_temple_overflow_open,
          gup_sewer_entry_bubbles, first_ration, roderic_three_in_a_row,
          tso_altar, uniq_jessica, uniq_natasha
D:4:      uniq_ijyb, uniq_eustachio
D:5:      minmay_goblin_kobold_castle
D:6:      basic_altar
D:7:      minmay_temple_entry_trees, uniq_duvessa, uniq_menkaure
D:8:      minmay_cut_squares, serial_shops, shop, shop,
          nicolae_shop_overgrown_old_shop, nicolae_shop_stone, shop_scrolls,
          uniq_joseph, uniq_maurice
Sewer:    sewer_frog_island_01

Skill      XL: |  1  2  3  4  5  6  7  8  9 |
---------------+----------------------------+-----
Fire Magic     | 4 5 6 7 8 |  8.2
Conjurations   | 2 3 4 5 7 8 |  8.1
Spellcasting   | 4 5 6 7 10 11 | 11.2
Stealth        | 3 4 6 |  6.0
Dodging        | 3 |  3.8
Fighting       | 1 |  1.3
Hexes          | 1 2 |  2.0
Short Blades   | |  0.6

Action                   |  1- 3 |  4- 6 |  7- 9 || total
-------------------------+-------+-------+-------++-------
Melee: Dagger            |       |       |    21 ||    21
 Cast: Flame Tongue      |    91 |    65 |   257 ||   413
       Sticky Flame      |       |     4 |    17 ||    21
       Conjure Flame     |       |     1 |     8 ||     9
       Throw Flame       |       |    20 |    28 ||    48
       Dazzling Spray    |       |       |    15 ||    15
       Fireball          |       |       |     9 ||     9
  Use: Scroll            |       |     7 |     5 ||    12
 Stab: Invisible         |       |       |     3 ||     3
  Eat: Chunk             |     2 |     7 |    17 ||    26
Armor: Robe              |     5 |     1 |    12 ||    18
Dodge: Dodged            |    28 |     7 |    89 ||   124

Table legend:
 A = Spawn XP
 B = Non-spawn XP
 C = Spawn XP percentage of total XP
 D = Spawn monster count
 E = Non-spawn monster count
 F = Spawn count percentage of total count
 G = Total turns spent on level
                    A         B        C        D         E        F      G
               +---------+---------+-------+---------+---------+-------+---------
         Total |       0 |    5474 |   0.0 |       0 |     233 |   0.0 |  8614
               +---------+---------+-------+---------+---------+-------+---------
           D:1 |       0 |      50 |   0.0 |       0 |      27 |   0.0 |   962
           D:2 |       0 |      53 |   0.0 |       0 |      24 |   0.0 |   724
           D:3 |       0 |     362 |   0.0 |       0 |      30 |   0.0 |  1028
           D:4 |       0 |     624 |   0.0 |       0 |      19 |   0.0 |  1317
           D:5 |       0 |     824 |   0.0 |       0 |      68 |   0.0 |  1941
           D:6 |       0 |    1230 |   0.0 |       0 |      16 |   0.0 |   721
           D:7 |       0 |    1708 |   0.0 |       0 |      20 |   0.0 |  1116
           D:8 |       0 |     372 |   0.0 |       0 |       9 |   0.0 |    87
         Sewer |       0 |     251 |   0.0 |       0 |      20 |   0.0 |   718
               +---------+---------+-------+---------+---------+-------+---------
